 Dungeon Crawl Stone Soup version 0.27-a0-320-g81d27af2d4 (webtiles) character file.

Game seed: 10385779765827281146

505 DavidChitty2 the Caller (level 7, -4/46 HPs)
             Began as a Merfolk Summoner on Feb 10, 2021.
             Slain by a centaur (7 damage)
             ... on level 5 of the Dungeon.
             The game lasted 00:28:20 (7774 turns).

DavidChitty2 the Caller (Merfolk Summoner)          Turns: 7774, Time: 00:28:20

Health: -4/46      AC:  6    Str:  6    XL:     7   Next: 18%
Magic:  1/12       EV: 12    Int: 17    God:
Gold:   194        SH:  5    Dex: 14    Spells: 3/13 levels left

rFire    . . .     SeeInvis .   a - +0 dagger (pain)
rCold    . . .     Faith    .   s - +0 buckler
rNeg     . . .     Spirit   .   e - +0 leather armour
rPois    .         Reflect  .   (helmet restricted)
rElec    .         Harm     .   k - +1 cloak
rCorr    .         Rampage  .   j - +0 pair of gloves
Will     .....                  (no boots)
Stlth    ++........             (no amulet)
HPRegen  0.15/turn              (no ring)
MPRegen  0.13/turn              (no ring)

@: brilliant
A: change form in water, swift swim, stealthy swim, horns 1, mutation resistance
1, weak 1
a: no special abilities


You were on level 5 of the Dungeon.
You visited 1 branch of the dungeon, and saw 5 of its levels.

You collected 194 gold pieces.

Inventory:

Hand Weapons
 a - a +0 dagger of pain (weapon)
   (You took it off an orc wizard on level 3 of the Dungeon)
 b - a +0 hunting sling
   (You found it on level 2 of the Dungeon)
 z - a +1 vorpal flail
   (You took it off Edmund on level 5 of the Dungeon)
Missiles
 c - 100 stones (quivered)
 r - 40 poisoned darts
Armour
 e - a +0 leather armour (worn)
   (You found it on level 1 of the Dungeon)
 j - a +0 pair of gloves (worn)
   (You found it on level 1 of the Dungeon)
 k - a +1 cloak (worn)
   (You found it on level 1 of the Dungeon)
 s - a +0 buckler (worn)
   (You found it on level 1 of the Dungeon)
 x - a +0 helmet
   (You took it off Robin on level 3 of the Dungeon)
Jewellery
 n - a ring of flight {unknown}
   (You found it on level 2 of the Dungeon)
 y - a ring of positive energy {unknown}
   (You found it on level 4 of the Dungeon)
 B - an amulet of guardian spirit {unknown}
   (You found it on level 5 of the Dungeon)
Wands
 t - a wand of flame (29)
   (You took it off Edmund on level 5 of the Dungeon)
Scrolls
 g - a scroll of random uselessness {unknown}
 l - a scroll of blinking {unknown}
 o - 2 scrolls of amnesia {unknown}
 p - 4 scrolls of identify {unknown}
 q - 4 scrolls of magic mapping {unknown}
 v - 2 scrolls of teleportation {unknown}
 w - 3 scrolls of fog {unknown}
 A - 2 scrolls of enchant armour {unknown}
Potions
 d - a potion of degeneration {unknown}
 f - a potion of attraction {unknown}
 h - a potion of brilliance
 i - a potion of mutation {!q}
 m - a potion of haste {unknown}
 u - a potion of berserk rage {unknown}


   Skills:
 - Level 3.0 Dodging
 - Level 2.1 Stealth
 - Level 4.0 Shields
 + Level 3.5 Spellcasting
 * Level 6.1 Summonings
 + Level 1.3 Ice Magic


You had 3 spell levels left.
You knew the following spells:

 Your Spells              Type           Power        Failure   Level
a - Summon Small Mammal   Summ           100%         1%          1
c - Call Canine Familiar  Summ           35%          6%          3
d - Summon Ice Beast      Ice/Summ       23%          50%         4
x - Call Imp              Summ           35%          3%          2

Your spell library contained the following spells:

 Spells                   Type           Power        Failure   Level
 Summon Guardian Golem    Hex/Summ       20%          22%         3
 Summon Lightning Spire   Summ/Air       20%          58%         4


Dungeon Overview and Level Annotations

Branches:
Dungeon (5/15)
 Temple: D:4-7

Altars:
Cheibriados
Makhleb
Okawaru
Uskayaw
Vehumet
Zin

Annotations:
D:4 Menkaure


Innate Abilities, Weirdness & Mutations

You revert to your normal form in water.
You are very nimble and swift while swimming.
You are very stealthy in the water. (Stealth+)
You have a pair of small horns on your head.
You are somewhat resistant to further mutation.
You are weak. (Str -2)


Message History

The orc priest hits your white imp but does no damage.
Your white imp hits the orc priest.
Your white imp freezes the orc priest.
The orc priest hits your white imp but does no damage.
Your white imp hits the orc priest.
Your white imp freezes the orc priest.
The orc priest hits your white imp with a +0 mace.
Your white imp closely misses the orc priest.
The orc priest invokes the aid of Beogh against your white imp.
Your white imp is smitten.
Your white imp dies!
Your crimson imp blinks!
A beastly little devil appears in a puff of frigid air.
The orc priest looks braver for a moment.
Your crimson imp blinks!
What are your orders? t - Shout!
Orders for allies: a - Attack new target. p - Attack previous target. r - Retreat! s - Stop attacking. g - Guard the area. f - Follow me.
Anything else - Cancel.
Gang up on whom?
Aim: an orc priest, wielding a +0 mace and wearing a +0 chain mail (almost dead) Attack!
The orc priest barely misses your crimson imp.
Your crimson imp blinks!
Your white imp hits the orc priest.
Your white imp freezes the orc priest.
The orc priest dies!
You start resting.
The centaur shoots an arrow.
The arrow hits your white imp!
Your white imp dies!
Your crimson imp blinks!
A centaur is nearby!
The centaur shoots an arrow.
You block the arrow.
The centaur unwields a +0 shortbow.
The centaur hits you!
* * * LOW HITPOINT WARNING * * *
Things that are here:
a +0 mace; a +0 chain mail A beastly little devil appears in a puff of flame.
The centaur hits you but does no damage.
The centaur hits you!
* * * LOW HITPOINT WARNING * * *
It was a potion of mutation.
You feel extremely strange.
You feel weaker. A pair of horns grows on your head!
You feel genetically stable. The centaur closely misses you.
Your crimson imp blinks!
It was a potion of brilliance.
You feel clever all of a sudden. The centaur hits you.
* * * LOW HITPOINT WARNING * * *
The centaur hits you!
You die...

#.#
...............#.#
#.#
..#............#.#
#5#
..#.####.#.##.....
#.# #5#.#
#.#.##..... #5#
#5#.# #.#.##.....
#.# #.#.#
#.#.......# #.#
#.#.# #..........
#.# #.#.#
#.#####.###
#.###@#.# #.# #.#
#...c§#.####.#####.#
#####.#............#
#........#######
##########


You could see a centaur and 2 friendly crimson imps.

Vanquished Creatures
  A leopard gecko (D:2)
  An orc (D:3)
  A giant cockroach (D:2)
  A hobgoblin (D:3)
  2 kobolds
  2 frilled lizards (D:2)
  2 goblins
10 creatures vanquished.

Vanquished Creatures (collateral kills)
  Edmund (D:5)
  Duvessa (D:5)
  An ogre (D:4)
  A phantom (D:4)
  Dowan (D:5)
  A howler monkey (D:4)
  An orc priest (D:5)
  2 jellies (D:5)
  An iguana (D:4)
  Natasha (thrice) (D:2)
  An orc wizard (D:3)
  3 worker ants
  A nameless horror (D:4)
  Robin (D:3)
  4 gnolls (D:3)
  3 adders
  A white imp (D:5)
  An ooze (D:2)
  An adder skeleton (D:5)
  4 worms
  2 leopard geckos
  7 orcs (D:3)
  7 giant cockroaches
  17 goblins
  8 hobgoblins
  3 jackals (D:1)
  4 kobolds
  A quokka (D:5)
  A ball python (D:4)
  3 bats
  2 frilled lizards
  2 quokka skeletons (D:4)
  A rat (D:2)
91 creatures vanquished.

Grand Total: 101 creatures vanquished

Notes
Turn   | Place    | Note
-------+----------+-------------------------------------------
     0 | D:1      | DavidChitty2 the Merfolk Summoner began the quest for the
                  | Orb.
     0 | D:1      | Reached XP level 1. HP: 13/13 MP: 3/3
   537 | D:1      | Reached XP level 2. HP: 19/19 MP: 1/5
   540 | D:1      | Learned a level 2 spell: Call Imp
  1633 | D:2      | Reached XP level 3. HP: 24/24 MP: 3/6
  1890 | D:2      | Learned a level 3 spell: Call Canine Familiar
  1893 | D:2      | You fall into a shaft and drop 1 floor!
  1902 | D:3      | Reached skill level 1 in Shields
  2394 | D:2      | Reached XP level 4. HP: 30/30 MP: 3/7
  2473 | D:2      | Noticed Natasha
  2480 | D:2      | Killed Natasha
  2512 | D:2      | Noticed Natasha
  2526 | D:2      | Killed Natasha
  2957 | D:2      | Noticed Natasha
  2971 | D:2      | Killed Natasha
  2972 | D:2      | Reached skill level 5 in Summonings
  3171 | D:2      | Found a glowing silver altar of Zin.
  3552 | D:3      | Noticed Robin
  3569 | D:3      | Killed Robin
  3570 | D:3      | Reached XP level 5. HP: 32/35 MP: 1/9
  3863 | D:3      | Found a burning altar of Makhleb.
  4095 | D:3      | Found a radiant altar of Vehumet.
  4391 | D:3      | Found a hide-covered altar of Uskayaw.
  4397 | D:3      | Found an iron altar of Okawaru.
  4586 | D:4      | Found a snail-covered altar of Cheibriados.
  4647 | D:4      | Noticed an ogre
  4649 | D:4      | Noticed a phantom
  4666 | D:4      | Killed an ogre
  4716 | D:4      | HP: 1/35 [phantom (4)]
  4723 | D:5      | Entered Level 5 of the Dungeon
  5520 | D:4      | Killed a phantom
  5521 | D:4      | Reached XP level 6. HP: 23/41 MP: 1/10
  5842 | D:4      | Noticed Menkaure
  5858 | D:3      | Learned a level 4 spell: Summon Ice Beast
  6452 | D:5      | Noticed Edmund
  6765 | D:5      | Killed Edmund
  7053 | D:5      | Noticed Duvessa
  7078 | D:5      | Noticed Dowan
  7463 | D:5      | Killed Duvessa
  7464 | D:5      | Reached skill level 6 in Summonings
  7464 | D:5      | Reached skill level 1 in Ice Magic
  7464 | D:5      | Reached XP level 7. HP: 36/46 MP: 2/12
  7474 | D:5      | Killed Dowan
  7773 | D:5      | Gained mutation: You are weak. (Str -2) [potion of
                  | mutation]
  7773 | D:5      | Gained mutation: You have a pair of small horns on your
                  | head. [potion of mutation]
  7773 | D:5      | Gained mutation: You are somewhat resistant to further
                  | mutation. [potion of mutation]
  7774 | D:5      | Slain by a centaur

Illustrated notes

Levels and vault maps discovered:
D:1:      matt_arrival_grand_opening, layout_basic, lemuel_flame_loot_1
D:2:      layout_loops_corners, zin_treasury, uniq_natasha
D:3:      layout_rooms, nicolae_overflow_hidden_temple, lemuel_doored_altar,
          amethyst_overflow_temple_binary, uniq_robin
D:4:      layout_basic, hangedman_abyss_or_decor_lesser_grid,
          minmay_misc_feat_five, cheibriados_altar_1, uniq_menkaure
D:5:      layout_loops_ring, minmay_temple_entry_proselytizer, uniq_edmund,
          uniq_crazy_yiuf_cottage, uniq_duvessa

Skill      XL: |  1  2  3  4  5  6  7 |
---------------+----------------------+-----
Dodging        | 3 |  3.0
Shields        | 1 2 3 4 |  4.0
Summonings     | 5 6 |  6.1
Spellcasting   | 3 |  3.5
Ice Magic      | 1 |  1.3
Stealth        | |  2.1

Action                   |  1- 3 |  4- 6 |  7- 9 || total
-------------------------+-------+-------+-------++-------
Melee: Short sword       |    26 |       |       ||    26
       Dagger            |     6 |   116 |       ||   122
Throw: Stone             |     3 |     1 |       ||     4
 Cast: Summon Small Mamm |    24 |    15 |       ||    39
       Call Imp          |    32 |    97 |     8 ||   137
       Call Canine Famil |       |     8 |       ||     8
  Use: Potion            |       |     4 |     2 ||     6
 Stab: Distracted        |       |     1 |       ||     1
Armor: Leather armour    |     9 |    32 |     1 ||    42
Dodge: Dodged            |    24 |    80 |     2 ||   106
Block: Buckler           |     3 |    25 |     1 ||    29

Table legend: (Time is in decaauts)
 A = Elapsed time spent in this place.
 B = Non-inter-level travel time spent in this place.
 C = Inter-level travel time spent in this place.
 D = Time resting spent in this place.
 E = Time spent auto-exploring this place.
 F = Levels seen in this place.
 G = Mean time per level.
                   A        B        C        D        E       F      G
               +--------+--------+--------+--------+--------+-----+--------+
         Total |   7785 |   7586 |    199 |   3466 |   2520 |   5 | 1557.0 |
       Dungeon |   7785 |   7586 |    199 |   3466 |   2520 |   5 | 1557.0 |
               +--------+--------+--------+--------+--------+-----+--------+

Top non-repeatable levels by time:
     D:3: 2051 daAuts
     D:2: 1934 daAuts
     D:4: 1428 daAuts
     D:5: 1405 daAuts
     D:1: 965 daAuts
